[Event "2. Itzehoer Schach Open"]
[Site "Itzehoe, Germany"]
[Date "2023.04.29"]
[Round "2.17"]
[White "Moysich, Dirk"]
[Black "Wibmer, Michael"]
[Result "1-0"]
[TimeControl "90 min / 40 Züge + 30 min + 30 Sek pro Zug"]
[WhiteElo "1860"]
[BlackElo "1675"]

1. c4 e5 2. g3 Nc6 3. Bg2 Bc5 4. Nc3 d6 5. a3 a5 6. e3 Nge7 7. Nge2 Nf5 8. O-O h5 9. h3 h4 10.
g4 Nfe7 11. d4 exd4 12. exd4 Ba7 13. Be3 Ng6 14. Qd3 O-O 15. f4 Re8 16. Bf2 Bd7 17. Rae1 Qc8 18. f5 Nge5 19. dxe5 Nxe5 20.
Qd2 Nxc4 21. Qg5 Qd8 22. Qxd8 Rexd8 23. Bxa7 Rxa7 24. Nd4 c6 25. Re2 d5 26. a4 Ra6 27. b3 Nd6 28. Nb1 Rb6 29. Nd2 c5 30. N4f3 Rb4 31.
Nxh4 d4 32. Rc1 b6 33. Bd5 Kf8 34. Nhf3 b5 35. Rxc5 bxa4 36. Rxa5 axb3 37. Bxb3 d3 38. Re3 Bb5 39. Ra7 Rc8 40.
Ra1 Rd8 41. Rae1 Nb7 42. Re4 Rxe4 43. Rxe4 Bc6 44. Rd4 Rxd4 45. Nxd4 Bd7 46. Kf2 Ke7 47. Ke3 Nc5 48. Bc4 Kf6 49.
Bxd3 Nxd3 50. Kxd3 g6 51. Ke4 Bc8 52. h4 Bb7+ 53. Kf4 gxf5 54. Nxf5 Bc8 55. Ne4+ Ke6 1-0

[Event "2. Itzehoer Schach Open"]
[Site "Itzehoe, Germany"]
[Date "2023.04.29"]
[Round "2.15"]
[White "Quiring, Nikolai"]
[Black "Trapp, Hannes"]
[Result "0-1"]
[TimeControl "90 min / 40 Züge + 30 min + 30 Sek pro Zug"]
[WhiteElo "1880"]
[BlackElo "1677"]

1. d4 d5 2. c4 e6 3. Nc3 c6 4.
cxd5 exd5 5. Qc2 Bd6 6. Nf3 Ne7 7. Bg5 f6 8. Bh4 Bf5 9. Qd2 O-O 10. e3 Nd7 11. Bg3 Bb4 12. a3 Ba5 13.
b4 Bb6 14. Nh4 Re8 15. Bd6 Be6 16. Bd3 Nf8 17. Bxe7 Qxe7 18. O-O g6 19. f4 Bg4 20. Rae1 a5 21. Na4 Bc7 22. Nc5 b6 23.
Na6 Bd8 24. e4 Qf7 25. e5 Bc8 26. b5 cxb5 27. Bxb5 Bxa6 28. Bxe8 Qxe8 29. exf6 Qf7 30. Rf2 Qxf6 31. Nf3 Be7 32.
Qe3 Bd6 33. Ne5 Ra7 34. Qb3 Bxe5 35. fxe5 Qd8 36. Rf6 Rb7 37. Rc1 Bc4 38. Qf3 Re7 39. Qg4 b5 40. Rc3 Qe8 41. Rcf3 Nd7 42.
Rd6 b4 43. Qg5 b3 44. Qd2 a4 45. h4 Qb8 46. Rf2 Nf8 47. Rdf6 Nd7 48. Rd6 Qe8 49. Qg5 Nf8 50. h5 Ne6 51.
Qg4 Kg7 52. g3 Nf8 53. hxg6 Nxg6 54. Rdf6 Bd3 55. Rf8 Qd7 56. Qf3 Qc6 57. Rf7+ Rxf7 58. Qxf7+ Kh6 59. g4 Qc1+ 60. Kh2 Be4 61.
Rf1 b2 0-1

[Event "2. Itzehoer Schach Open"]
[Site "Itzehoe, Germany"]
[Date "2023.04.29"]
[Round "2.23"]
[White "Ploog, Jakob"]
[Black "Spieker, Hans-Joachim"]
[Result "0-1"]
[TimeControl "90 min / 40 Züge + 30 min + 30 Sek pro Zug"]
[WhiteElo "1392"]
[BlackElo "1747"]

1. e4 c5 2. Nf3 Nc6 3. c3 d5 4. exd5 Qxd5 5. c4 Qe4+ 6. Be2 Bg4 7. Nc3 Qe6 8. O-O Nf6 9. Re1 Qd7 10.
b3 g6 11. Bb2 Bg7 12. Na4 b6 13. Ne5 Nxe5 14. Bxe5 Bxe2 15. Rxe2 O-O 16. Nc3 Rfd8 17. Rc1 e6 18. Rc2 Qb7 19.
Re3 Rd7 20. h3 Rad8 21. d3 Ne8 22. Rd2 Bh6 23. Ne4 f5 24. Nf6+ Nxf6 25. Bxf6 Bxe3 26. fxe3 Rf8 27. Bg5 Re8 28.
Bh6 e5 29. g4 Rf7 30. e4 Qd7 31. gxf5 gxf5 32. Rg2+ Kh8 33. Qh5 Rg8 34. Bg5 Qe6 35. Kh2 Qg6 36. Qh4 Rfg7 37. exf5 Qd6 38.
Bf6 e4+ 39. Kh1 exd3 40. Qh6 Qd7 41. Bxg7+ Rxg7 42. Qf6 Qe7 43. Qc3 Qb7 44. Qb2 Qxg2+ 45. Qxg2 Rxg2 46. Kxg2 d2 0-1

[Event "2. Itzehoer Schach Open"]
[Site "Itzehoe, Germany"]
[Date "2023.04.29"]
[Round "2.25"]
[White "Schiller, Thomas"]
[Black "Schacht, David"]
[Result "0-1"]
[TimeControl "90 min / 40 Züge + 30 min + 30 Sek pro Zug"]
[WhiteElo "1678"]
[BlackElo "1541"]

1. e4 e5 2. Nc3 Nc6 3. Bc4 Nf6 4. d3 Be7 5. Nge2 Na5 6. Bb3 Nxb3 7. axb3 O-O 8. O-O b6 9. Ng3 d5 10.
f4 Bc5+ 11. Kh1 Ng4 12. Qf3 Nxh2 13. Qh5 Nxf1 14. Nxf1 exf4 15. Bxf4 dxe4 16. Nxe4 Bd6 17. Nxd6 cxd6 18. Ng3 Qf6 19.
Bd2 Qg6 20. Qf3 Bg4 21. Qf2 Rfe8 22. Ra4 Bd1 0-1

[Event "2. Itzehoer Schach Open"]
[Site "Itzehoe, Germany"]
[Date "2023.04.29"]
[Round "2.3"]
[White "Neuendorf, Max"]
[Black "Lichtmannecker, Daniel"]
[Result "1-0"]
[TimeControl "90 min / 40 Züge + 30 min + 30 Sek pro Zug"]
[WhiteElo "2000"]
[BlackElo "2162"]

1. e4 c6 2. d4 d5 3. Nd2 dxe4 4. Nxe4 Bf5 5. Ng3 Bg6 6. h4 h6 7. h5 Bh7 8. Nf3 e6 9. Bd3 Bxd3 10.
Qxd3 Nf6 11. Bd2 c5 12. O-O-O Nc6 13. Be3 Qa5 14. Qb3 O-O-O 15. Ne2 Nd5 16. Kb1 Nxe3 17. fxe3 cxd4 18. exd4 Qb4 19.
Qe3 Na5 20. Ne5 Nc4 21. Nxc4 Qxc4 22. Rd3 Qd5 23. Nf4 Qg5 24. Qf3 Bd6 25. Rc3+ Kb8 26. Nd3 Qf5 27. Qe2 Qd5 28. Ne5 Bxe5 29.
dxe5 Qd2 30. Qf3 Rd7 31. a3 Rhd8 32. Qg3 Qg5 33. Qxg5 hxg5 34. Rf3 Rd1+ 35. Rxd1 Rxd1+ 36. Ka2 Rd7 37.
Kb3 Kc7 38. Kc3 Kd8 39. Rd3 Rxd3+ 40. Kxd3 Ke7 41. c4 f5 42. exf6+ gxf6 43. b4 f5 44. c5 e5 45. b5 e4+ 46.
Ke3 Ke6 47. c6 bxc6 48. bxc6 Kd6 49. c7 Kxc7 50. h6 1-0

[Event "2. Itzehoer Schach Open"]
[Site "Itzehoe, Germany"]
[Date "2023.04.29"]
[Round "2.10"]
[White "Tarasenko, Nazar"]
[Black "Freitag, Christian"]
[Result "1/2-1/2"]
[TimeControl "90 min / 40 Züge + 30 min + 30 Sek pro Zug"]
[WhiteElo "1970"]
[BlackElo "1886"]

1. d4 d5 2. c4 e6 3. Nc3 Nf6 4. Bg5 Be7 5. cxd5 exd5 6. e3 O-O 7. Qc2 h6 8. Bh4 c6 9. Bd3 Re8 10.
Nf3 Nbd7 11. h3 Ne4 12. Bxe7 Qxe7 13. O-O Ng5 14. Qd1 Nxf3+ 15. Qxf3 Qf6 16. Qg3 Nf8 17. Rad1 Bf5 18. Qf4 Bxd3 19.
Qxf6 gxf6 20. Rxd3 f5 21. g3 Nh7 22. Na4 Nf6 23. Rb3 Re7 24. f3 Ne8 25. Kf2 Nd6 26. Rd3 Rae8 27. b3 Kg7 28.
Rc1 h5 29. h4 f6 30. Nc3 Kh6 31. Re1 Rg8 32. Rg1 Reg7 33. Ne2 Re8 34. Nf4 Ree7 35. a4 Re8 36. Rc3 a6 37. Rc2 Rge7 38. Re2 Rg7 39. Ke1 Reg8 40. Reg2 Re8 41. Kd2 Ree7 42.
Re1 Re8 43. Kd3 Reg8 44. Reg1 Nc8 45. Ke2 Nd6 46. Kf2 Nc8 47. Ne6 Re7 48. Nf4 Reg7 49. Re1 Nd6 50. Re2 Re8 51. Rg1 Reg8 52.
Rc2 Re8 53. Rc3 Reg8 54. Rd3 Re8 55. Kg2 Rge7 56. Re1 Nc8 57. Re2 1/2-1/2

[Event "2. Itzehoer Schach Open"]
[Site "Itzehoe, Germany"]
[Date "2023.04.29"]
[Round "2.13"]
[White "Krumschmidt, Michael"]
[Black "Lebiedz, Oliver"]
[Result "0-1"]
[TimeControl "90 min / 40 Züge + 30 min + 30 Sek pro Zug"]
[WhiteElo "1720"]
[BlackElo "1921"]

1. d4 d6 2. c4 Nf6 3. Nc3 g6 4. e4 Bg7 5. f3 Nbd7 6. Be3 e5 7. d5 a5 8. Bd3 Nc5 9. Bc2 Bd7 10.
Nge2 Qe7 11. Ba4 Nxa4 12. Nxa4 O-O 13. Rc1 b6 14. Nac3 Ne8 15. Qd2 f5 16. Bg5 Nf6 17. Nb5 Rac8 18.
g3 fxe4 19. fxe4 Bh3 20. Na7 Rce8 21. Nc6 Qd7 22. Bxf6 Rxf6 23. Kd1 Bg2 24. Rg1 Bxe4 25. g4 Ref8 26. Qe1 Rf2 27. Rc3 Rxh2 28.
Re3 Bf3 29. Qg3 Bxe2+ 30. Rxe2 Rxe2 31. Kxe2 Rf4 32. Qh4 Bf6 33. Qh3 Bg5 34. b3 Qf7 35. Rg2 Re4+ 0-1

[Event "2. Itzehoer Schach Open"]
[Site "Itzehoe, Germany"]
[Date "2023.04.29"]
[Round "2.16"]
[White "Wolf, Finn"]
[Black "Richter, Ruediger"]
[Result "0-1"]
[TimeControl "90 min / 40 Züge + 30 min + 30 Sek pro Zug"]
[WhiteElo "1677"]
[BlackElo "1869"]

1. e4 c5 2. Nf3 e6 3. d4 cxd4 4. Nxd4 Bc5 5. Nb3 Bb6 6. Nc3 Ne7 7. Be2 O-O 8. O-O f5 9. Bg5 fxe4 10.
Qd6 Nbc6 11. Nxe4 Bc7 12. Qd2 d5 13. Nc3 Qd6 14. g3 a6 15. Bxe7 Nxe7 16. a4 e5 17. Rad1 Bh3 18. Nxd5 Bxf1 19. Bxf1 Rad8 20. Nxc7 Qxc7 21. Qe2 Rxd1 22. Qxd1 Rd8 23.
Qe2 g6 24. Qc4+ Qxc4 25. Bxc4+ Kg7 26. Bd3 Rc8 27. Nd2 Nf5 28. Bxf5 gxf5 29. c3 Kf6 30. Kf1 h5 31. Ke2 h4 32.
Ke3 b5 33. axb5 axb5 34. Ke2 Ra8 35. Kd1 Ra1+ 36. Ke2 Ra2 37. b3 Kg5 38. Ke3 hxg3 39. hxg3 Kg4 40. c4 bxc4 41. bxc4 Ra3+ 42.
Ke2 Rc3 43. Ke1 Kh3 44. Ke2 Kg2 45. Ke1 e4 46. Ke2 Rc2 47. Ke3 Rxd2 48. Kxd2 Kxf2 0-1

[Event "2. Itzehoer Schach Open"]
[Site "Itzehoe, Germany"]
[Date "2023.04.29"]
[Round "2.21"]
[White "Stehle, Fabian"]
[Black "Hansen, Fridolin"]
[Result "0-1"]
[TimeControl "90 min / 40 Züge + 30 min + 30 Sek pro Zug"]
[WhiteElo "1569"]
[BlackElo "1764"]

1. e4 d6 2. d4 Nf6 3. Nc3 g6 4.
Be3 Bg7 5. h3 O-O 6. f4 c6 7. Nf3 b5 8. e5 Nfd7 9. Qd2 Nb6 10. Bd3 b4 11. Ne4 Nd5 12. g4 Ba6 13. f5 Bxd3 14.
cxd3 Nxe3 15. Qxe3 Nd7 16. f6 exf6 17. Nxd6 fxe5 18. dxe5 Nxe5 19. Nxe5 Qxd6 20. Nc4 Qd5 21. O-O-O Rae8 22.
Qxa7 Ra8 23. Qf2 Rxa2 24. Kb1 Rfa8 25. Rhe1 b3 26. Kc1 Bh6+ 0-1

[Event "2. Itzehoer Schach Open"]
[Site "Itzehoe, Germany"]
[Date "2023.04.29"]
[Round "2.35"]
[White "Neffgen, Klaus"]
[Black "Lieb, Max"]
[Result "1-0"]
[TimeControl "90 min / 40 Züge + 30 min + 30 Sek pro Zug"]
[WhiteElo "1533"]
[BlackElo "1333"]

1. d4 c5 2. d5 Nf6 3. c4 b5 4. Nc3 b4 5. Nb1 d6 6. Nf3 g6 7. g3 Bg7 8. Bg2 Ba6 9. Nbd2 Nfd7 10.
Rb1 Nb6 11. b3 O-O 12. O-O e6 13. dxe6 fxe6 14. Ng5 Qxg5 15.
Bxa8 d5 16. cxd5 exd5 17. Nf3 Qf5 18. Bb2 Nxa8 19. Bxg7 Kxg7 20. Qd2 Bxe2 21. Nh4 Qg4 22. Rfe1 Bf3 23. Re7+ Kg8 24. Qh6 Rf7 25.
Re8+ 1-0

[Event "2. Itzehoer Schach Open"]
[Site "Itzehoe, Germany"]
[Date "2023.04.29"]
[Round "2.20"]
[White "Wohlrabe, Joerg"]
[Black "Carsten, Juergen"]
[Result "0-1"]
[TimeControl "90 min / 40 Züge + 30 min + 30 Sek pro Zug"]
[WhiteElo "1635"]
[BlackElo "1780"]

1. e4 e5 2. Nf3 Nc6 3. d4 exd4 4. Nxd4 Nxd4 5. Qxd4 d6 6. Bc4 Be6 7. Bxe6 fxe6 8. Qb4 Qc8 9. O-O Nf6 10.
Qe1 e5 11. Nc3 c6 12. Bg5 Qe6 13. a3 Be7 14. b4 O-O 15. Rd1 Rf7 16. f3 Bd8 17. Be3 Nh5 18. Qd2 Bc7 19. Ne2 b6 20. g4 Nf6 21. Ng3 g6 22. h4 Rd8 23. Qe2 d5 24.
Bg5 Rc8 25. Bxf6 Rxf6 26. exd5 cxd5 27. Qa6 e4 28. fxe4 Rxf1+ 29. Nxf1 Qxg4+ 30. Kf2 Rf8+ 31. Ke1 Qxe4+ 32. Kd2 Rf2+ 0-1

[Event "2. Itzehoer Schach Open"]
[Site "Itzehoe, Germany"]
[Date "2023.04.29"]
[Round "2.7"]
[White "Hielscher, Ursula"]
[Black "Pitic, Jasmin"]
[Result "0-1"]
[TimeControl "90 min / 40 Züge + 30 min + 30 Sek pro Zug"]
[WhiteElo "1702"]
[BlackElo "2067"]

1. d4 Nf6 2. c4 e6 3. Nc3 Bb4 4. Bd2 O-O 5. e3 d5 6. Nf3 a6 7. Be2 dxc4 8. Bxc4 b5 9. Bd3 Be7 10.
O-O Bb7 11. Rc1 c5 12. Be2 Nbd7 13. dxc5 Nxc5 14. Nd4 Qb6 15. Bf3 Nce4 16. Nxe4 Nxe4 17. Be1 Rfd8 18. Qc2 Rac8 19. Qb1 Rxc1 20.
Qxc1 Bf6 21. Nb3 Rc8 22. Qb1 Nd6 23. Bxb7 Qxb7 24. Bb4 Nc4 25. Na5 Nxa5 26. Bxa5 Qc6 27. Bd2 Qc2 28. Qxc2 Rxc2 29.
Bc3 Bxc3 30. bxc3 Rxc3 31. Rb1 Rc2 32. a4 b4 33. a5 b3 34. g3 b2 35. Kg2 Kf8 36. Kf3 Ke7 37. e4 Kd6 38.
Ke3 Kc5 0-1

[Event "2. Itzehoer Schach Open"]
[Site "Itzehoe, Germany"]
[Date "2023.04.29"]
[Round "2.31"]
[White "Graf, David"]
[Black "Schindehuette, Frank"]
[Result "1-0"]
[TimeControl "90 min / 40 Züge + 30 min + 30 Sek pro Zug"]
[WhiteElo "1429"]
[BlackElo "1575"]

1. e4 d5 2. exd5 Nf6 3. d4 Bf5 4. Bb5+ Nbd7 5. Nc3 a6 6. Ba4 b5 7. Bb3 Nb6 8. Nf3 Nbxd5 9. Nxd5 Nxd5 10.
O-O e6 11. c4 Nb4 12. d5 exd5 13. Re1+ Be7 14. Nd4 Bg6 15. cxd5 O-O 16. a3 c5 17. axb4 cxd4 18. Qxd4 Bf6 19.
Qd1 Qd6 20. Qe2 Qxb4 21. Ba2 Rfd8 22. Bb1 Bxb1 23. Rxb1 Kf8 24. Bd2 Qd6 25. Qe4 Kg8 26. Ba5 Rf8 27. Bb4 Qd7 28. Bxf8 Rxf8 29.
b3 Qd6 30. Rbc1 a5 31. Rc6 Qa3 32. d6 g6 33. d7 Kg7 34. Rc8 Qd6 35. Rxf8 Kxf8 36. Qe8+ Kg7 37. g3 a4 38. bxa4 bxa4 39.
d8=Q Qxd8 40. Qxd8 Bxd8 41. Ra1 h5 42.
Rxa4 Kh6 43. Ra8 Bb6 44. Ra6 Bd4 45. Ra5 f6 46. Kg2 g5 47. h3 Kg6 48. Rb5 Be5 49. Kf3 Kf5 50. g4+ hxg4+ 51. hxg4+ Kg6 52. Ke4 Bh2 53. f3 Bg3 54. Rf5 Be1 55. Kd5 Bc3 56. Ke6 Bb2 57. Rb5 Bc3 58. Ke7 Bd4 59. Kf8 Be5 60.
Rd5 Bc3 61. Kg8 Bb2 62. Rd7 Bc3 63. Rg7+ Kh6 64. Kf7 Bd4 65. Rg8 Kh7 66. Ra8 Be5 67. Rd8 Bg3 68. Rd1 Bh4 69. Kxf6 1-0

[Event "2. Itzehoer Schach Open"]
[Site "Itzehoe, Germany"]
[Date "2023.04.29"]
[Round "2.4"]
[White "Wulf von Moers, Jens"]
[Black "Nahnsen, Kenneth"]
[Result "1/2-1/2"]
[TimeControl "90 min / 40 Züge + 30 min + 30 Sek pro Zug"]
[WhiteElo "2148"]
[BlackElo "2021"]

1. e4 e5 2. Nf3 Nc6 3. d4 exd4 4. Bc4 Nf6 5. e5 d5 6. Bb5 Ne4 7. Nxd4 Bc5 8. Be3 O-O 9. Nxc6 bxc6 10.
Bxc5 Nxc5 11. Bxc6 Rb8 12. O-O Be6 13. Nc3 d4 14. Ne4 Nxe4 15. Bxe4 Rxb2 16. Qd3 h6 17. f4 f5 18. exf6 Rxf6 19.
Qa3 Qb8 20. Bd3 Rb4 21. Rae1 c5 22. c3 dxc3 23. Qxc3 Rbxf4 24. Rxf4 Qxf4 25. Qxc5 Qd2 26. Qe3 Qxe3+ 27. Rxe3 Bxa2 1/2-1/2

[Event "2. Itzehoer Schach Open"]
[Site "Itzehoe, Germany"]
[Date "2023.04.29"]
[Round "2.9"]
[White "Knuedel, Torben"]
[Black "Retzlaff, Wolfgang"]
[Result "1-0"]
[TimeControl "90 min / 40 Züge + 30 min + 30 Sek pro Zug"]
[WhiteElo "2250"]
[BlackElo "1704"]

1. e4 c6 2. d4 d5 3. f3 g6 4. Nc3 Bg7 5. Be3 dxe4 6. fxe4 Nf6 7. Nf3 Bg4 8. Bc4 e6 9. h3 Bxf3 10.
Qxf3 Qc7 11. O-O O-O 12. Rad1 Nbd7 13. Bb3 b5 14. e5 Nd5 15. Nxd5 cxd5 16. Bg5 Rae8 17. Qe2 Qb6 18. a4 Bxe5 19.
Be3 Bg7 20. axb5 Nf6 21. Ra1 Ne4 22. Ra6 Ng3 23. Qd3 Qb7 24. c3 Nf5 25. Bf4 Bh6 26. Bxh6 Nxh6 27. Rfa1 Rb8 28. R6a5 Qb6 29.
Bc2 Nf5 30. Qe2 Rfc8 31. Bxf5 gxf5 32. Qe3 Qd8 33. Qg3+ Kf8 34. Rxa7 Rxb5 35. Qe5 Kg8 36. R1a3 Qe8 37. c4 1-0

[Event "2. Itzehoer Schach Open"]
[Site "Itzehoe, Germany"]
[Date "2023.04.29"]
[Round "2.34"]
[White "Wolff, Ole"]
[Black "Knudsen, Finn Luca"]
[Result "1-0"]
[TimeControl "90 min / 40 Züge + 30 min + 30 Sek pro Zug"]
[WhiteElo "1097"]
[BlackElo "929"]

1. e4 e5 2. Nf3 Nc6 3. Bb5 Bc5 4. O-O a6 5. Ba4 Nf6 6. Re1 O-O 7. c3 d5 8. exd5 Qxd5 9. Bxc6 Qxc6 10.
Nxe5 Qd6 11. d4 Bb6 12. Nd2 c5 13. Ndc4 Qc7 14. Nxb6 Qxb6 15. d5 Rd8 16. c4 Qc7 17. b3 Nd7 18.
d6 Qa5 19. Bg5 Nxe5 20. Bxd8 Qxd8 21. Rxe5 Bd7 22. Rxc5 b6 23. Rd5 Qf6 24. Rc1 Bc6 25. Rd3 Qg6 26. f3 Bd7 27. b4 Bh3 28.
g3 h5 29. d7 Rd8 30. c5 bxc5 31. bxc5 Qe6 32. c6 Qxa2 33. Rd2 Qa5 34. c7 Qb6+ 35. Kh1 Rxd7 36. c8=Q+ Kh7 37. Qxd7 Bxd7 38. Rxd7 Qf6 39. Rcc7 Kg6 40.
Rd6 Qxd6 41. Qxd6+ Kh7 42. Qd3+ g6 43. Rxf7+ Kh6 44. Qe3+ g5 45. Rf6+ Kh7 46. Qxg5 a5 47. Rh6# 1-0

[Event "2. Itzehoer Schach Open"]
[Site "Itzehoe, Germany"]
[Date "2023.04.29"]
[Round "2.11"]
[White "Axt, Christian"]
[Black "Neumann, Frank"]
[Result "0-1"]
[TimeControl "90 min / 40 Züge + 30 min + 30 Sek pro Zug"]
[WhiteElo "1728"]
[BlackElo "2030"]

1. e4 c5 2. Nc3 d6 3. f4 g6 4. Nf3 Bg7 5. Bc4 Nf6 6. O-O O-O 7. d4 cxd4 8. Nxd4 a6 9. Be3 Ng4 10.
Qd3 Nxe3 11. Qxe3 Qb6 12. Nf5 Qxe3+ 13. Nxe3 b5 14. Bb3 Nc6 15. Rad1 Bb7 16. Kh1 Bxc3 17. bxc3 Na5 18. Nd5 Bxd5 19.
Bxd5 Rac8 20. Rf3 Rc5 21. f5 Kg7 22. g4 f6 23. h4 Nc4 24. g5 Ne5 25. Rg3 fxg5 26. Rxg5 Rxc3 27. fxg6 hxg6 28.
Be6 Rf2 29. Kg1 Rcxc2 30. Ra1 Rce2 0-1

[Event "2. Itzehoer Schach Open"]
[Site "Itzehoe, Germany"]
[Date "2023.04.29"]
[Round "2.30"]
[White "Junge, Julia Marie"]
[Black "Bartels, Jens"]
[Result "1/2-1/2"]
[TimeControl "90 min / 40 Züge + 30 min + 30 Sek pro Zug"]
[WhiteElo "1367"]
[BlackElo "1589"]

1. e4 e5 2. Nf3 d6 3. d4 exd4 4. Nxd4 Be7 5. Nc3 Nd7 6. Bf4 Ne5 7. Bxe5 dxe5 8. Bb5+ Bd7 9. Bxd7+ Qxd7 10.
Nf3 Qxd1+ 11. Rxd1 Bd6 12. Nb5 Ke7 13. a3 Nf6 14. Nd2 a6 15. Nxd6 cxd6 16. f3 Rac8 17. c4 Nd7 18. b4 Nb6 19.
Rc1 Rc7 20. Ke2 Rhc8 21. Kd3 Na4 22. Rc2 b5 23. Rhc1 bxc4+ 24. Ke3 c3 25. Nb1 Ke6 26. Kd3 Nb2+ 27. Ke3 f5 28. exf5+ Kxf5 29.
g4+ Ke6 30. Nxc3 d5 31. Kd2 Nc4+ 32. Kd3 Nxa3 33. Ra2 a5 34. bxa5 d4 35. Rxa3 dxc3 36. Rcxc3 Rxc3+ 37. Rxc3 Ra8 38.
Rc7 Rxa5 39. Rxg7 Ra3+ 40. Ke4 Ra4+ 41. Ke3 h5 42. Rg6+ Kf7 43. Rg5 hxg4 44. Rxg4 Ra2 45. Ke4 Rxh2 46. Kxe5 Re2+ 47. Re4 Ra2 48. f4 Ra5+ 49. Kd4 Kf6 50.
Re5 Ra3 51. Rb5 1/2-1/2

[Event "2. Itzehoer Schach Open"]
[Site "Itzehoe, Germany"]
[Date "2023.04.29"]
[Round "2.18"]
[White "Stiller, Maximilian"]
[Black "Harten, Jan"]
[Result "1/2-1/2"]
[TimeControl "90 min / 40 Züge + 30 min + 30 Sek pro Zug"]
[WhiteElo "1657"]
[BlackElo "1819"]

1. Nf3 d5 2. d4 Nf6 3. e3 g6 4.
c4 c6 5.
Nc3 Bg7 6. cxd5 cxd5 7. Qb3 O-O 8. Be2 b6 9. Ne5 Bb7 10. O-O e6 11. Bd2 Nc6 12. Nxc6 Bxc6 13. Rac1 Qd7 14. f3 Rfc8 15.
Ba6 Bb7 16. Bd3 Bh6 17. Rc2 Ne8 18. Rfc1 Nd6 19. Nb5 Bc6 20. Nxd6 Qxd6 21. Ba6 Rc7 22. Bb4 Qd7 23. Kf2 Rb8 24.
Rc3 e5 25. Bb5 exd4 26. Rxc6 Bxe3+ 27. Ke2 Bxc1 28. Rxg6+ hxg6 29. Bxd7 Rxd7 1/2-1/2

[Event "2. Itzehoer Schach Open"]
[Site "Itzehoe, Germany"]
[Date "2023.04.29"]
[Round "2.24"]
[White "Recklies, Volker"]
[Black "Thomsen, Flemming"]
[Result "1/2-1/2"]
[TimeControl "90 min / 40 Züge + 30 min + 30 Sek pro Zug"]
[WhiteElo "1701"]
[BlackElo "1517"]

1. Nf3 Nf6 2. g3 g6 3. Bg2 Bg7 4. d4 d5 5. O-O O-O 6. c3 c6 7. Nbd2 Nbd7 8. Re1 e6 9. Qc2 c5 10.
e4 dxe4 11. Nxe4 Nxe4 12. Qxe4 Qb6 13. dxc5 Nxc5 14. Qe2 Na4 15. Ne5 Rd8 16. Qc2 Nc5 17. Nc4 Qb5 18. Bf1 Qc6 19. Bf4 e5 20.
Bg2 e4 21. Bxe4 Nxe4 22. Qxe4 Qxe4 23. Rxe4 Be6 24. Na5 Rd7 25. Nb3 Rad8 26. Ree1 b6 27. Be5 Bxe5 28. Rxe5 Rd1+ 29. Re1 Bxb3 30.
axb3 Rxe1+ 31. Rxe1 Rd2 32. Rb1 Kf8 33. Kf1 a5 34. b4 axb4 35. Ke1 Rc2 36. cxb4 1/2-1/2

[Event "2. Itzehoer Schach Open"]
[Site "Itzehoe, Germany"]
[Date "2023.04.29"]
[Round "2.27"]
[White "Eitel, Luc"]
[Black "Schulze, Tim"]
[Result "1/2-1/2"]
[TimeControl "90 min / 40 Züge + 30 min + 30 Sek pro Zug"]
[WhiteElo "1383"]
[BlackElo "1663"]

1. e4 c6 2. d4 d5 3. Nd2 dxe4 4. Nxe4 Bf5 5. Ng3 Bg6 6. h4 h6 7. c3 e6 8. Nf3 Nd7 9. h5 Bh7 10. Bd3 Bxd3 11. Qxd3 Ngf6 12. Bf4 Qa5 13.
Ne5 Nxe5 14. Bxe5 Be7 15. Bxf6 Bxf6 16. Ne4 Be7 17. Qg3 Qd5 18. f3 O-O 19. Qc7 Bg5 20. Nxg5 Qxg5 21. O-O Rab8 22.
Qe5 Qxe5 23. dxe5 Rfd8 24. Rad1 Rd5 25. Rxd5 cxd5 26. Rd1 b5 27. Rd4 a5 28. a3 Kf8 29. Kf2 Ke7 1/2-1/2

[Event "2. Itzehoer Schach Open"]
[Site "Itzehoe, Germany"]
[Date "2023.04.29"]
[Round "2.26"]
[White "Rick, Niklas Corvin"]
[Black "Oblender, Rudi"]
[Result "1/2-1/2"]
[TimeControl "90 min / 40 Züge + 30 min + 30 Sek pro Zug"]
[WhiteElo "1672"]
[BlackElo "1391"]

1. d4 d5 2. c4 e6 3. cxd5 exd5 4. Nc3 Nf6 5. Bg5 Nc6 6. e3 Be6 7. Bd3 h6 8. Bh4 g5 9. Bg3 Bd6 10.
Nf3 a6 11. Qb3 b5 12. Rc1 Na5 13. Qc2 Rc8 14. a3 Nb7 15. b4 Bxg3 16. hxg3 Nd6 17. Nxg5 Ng4 18. Nxe6 fxe6 19. Qe2 Qg5 20.
a4 c6 21. f4 Qg7 22. Qf3 Kd7 23. Kd2 Nf6 24. axb5 cxb5 25. Ra1 Rc6 26. f5 Rhc8 27.
Rac1 Rxc3 28. Rxc3 Nde4+ 29. Bxe4 Nxe4+ 30. Ke2 Rxc3 31. fxe6+ Kxe6 32. g4 Qf6 33. Qxf6+ Kxf6 34. Rxh6+ Kg5 35.
Rh5+ Kxg4 36. Rxd5 Rb3 37. Re5 Ng3+ 38. Kd2 Rb2+ 39. Kd3 Rxg2 40. Re8 Ra2 41. d5 Nf5 42. Rg8+ Kh5 43. Ke4 Nd6+ 44.
Kd4 Nf5+ 45. Ke4 Nd6+ 46. Kd4 Rc2 47. Ke5 Nc4+ 1/2-1/2

[Event "2. Itzehoer Schach Open"]
[Site "Itzehoe, Germany"]
[Date "2023.04.29"]
[Round "2.2"]
[White "Martin, Dennis"]
[Black "Kuegel, Tobias"]
[Result "0-1"]
[TimeControl "90 min / 40 Züge + 30 min + 30 Sek pro Zug"]
[WhiteElo "2012"]
[BlackElo "2332"]

1. d4 d6 2. c4 e5 3. dxe5 dxe5 4.
Qxd8+ Kxd8 5. Nc3 Be6 6. b3 Nd7 7. Bb2 c6 8. g3 f6 9. Bg2 Nh6 10. Nf3 Kc7 11. O-O-O a5 12. h3 Bb4 13.
g4 Nc5 14. Nd2 a4 15. Kc2 Nf7 16. Ncb1 h5 17. f3 Nd6 18. Bc3 axb3+ 19. axb3 Ra2+ 20. Kc1 Na6 21. e3 Nc5 22. Bf1 Bxc3 23.
Nxc3 Ra1+ 24. Ncb1 hxg4 25. Rg1 gxh3 26. Rxg7+ Kb8 27. Kb2 Ra8 28. Kc3 h2 29. Bg2 Nf5 30. Rg6 Nh4 0-1

[Event "2. Itzehoer Schach Open"]
[Site "Itzehoe, Germany"]
[Date "2023.04.29"]
[Round "2.22"]
[White "Papenfuss, Kai"]
[Black "Marzik, Arne"]
[Result "1/2-1/2"]
[TimeControl "90 min / 40 Züge + 30 min + 30 Sek pro Zug"]
[WhiteElo "1751"]
[BlackElo "1545"]

1. e4 e6 2. d3 d5 3. Nd2 Nf6 4. Ngf3 c5 5. g3 Nc6 6. Bg2 Bd6 7. O-O O-O 8. Re1 Qc7 9. Qe2 Nd7 10.
c3 d4 11. cxd4 cxd4 12. Nc4 e5 13. Nxd6 Qxd6 14. Nh4 Nc5 15. f4 f6 16. Bd2 a5 17. Nf5 Bxf5 18. exf5 Qd7 19. Rac1 Na6 20.
Bxc6 bxc6 21. Qe4 exf4 22. Qxf4 Nb4 23. Qf3 Nxa2 24. Qxc6 Qxc6 25. Rxc6 Nb4 26. Bxb4 axb4 27. Rc4 b3 28.
Rxd4 Rfd8 29. Rxd8+ Rxd8 30. Re3 h5 31. Kf2 Rd5 32. Rf3 Re5 33. d4 Re4 34. Rf4 Re7 35. d5 Re5 36. Rd4 Rxf5+ 37. Ke3 Re5+ 38. Kd2 Kf7 39. Kc3 Re3+ 40. Rd3 Rxd3+ 41. Kxd3 g5 42. Kd4 Ke7 43. Kc5 f5 44. d6+ Kd7 45.
Kd5 f4 46. gxf4 gxf4 47. Ke4 Kxd6 48. Kxf4 Kd5 49. Ke3 Kc4 50. Ke4 h4 51. h3 Kc5 52. Kd3 Kd5 53. Kc3 Ke4 54. Kxb3 Kf3 55.
Kc4 Kg3 56. b4 Kxh3 57. b5 Kg2 58. b6 h3 59. b7 h2 60. b8=Q h1=Q 61. Qb7+ Kg1 62. Qb1+ Kh2 63. Qb2+ Qg2 64.
Qe5+ Qg3 1/2-1/2

[Event "2. Itzehoer Schach Open"]
[Site "Itzehoe, Germany"]
[Date "2023.04.29"]
[Round "2.29"]
[White "Hieke, Jonas"]
[Black "Aguike, Chidera"]
[Result "1-0"]
[TimeControl "90 min / 40 Züge + 30 min + 30 Sek pro Zug"]
[WhiteElo "1584"]
[BlackElo "1450"]

1. e4 e5 2. Nf3 Nc6 3. Bc4 Bc5 4.
Nc3 Nf6 5. d3 d6 6. Bg5 h6 7. Bh4 g5 8. Bg3 Bg4 9. h3 Bh5 10. Na4 Bb6 11. Nxb6 axb6 12. c3 Qd7 13. Bb5 Qe7 14.
Bh2 Bg6 15. g4 Qe6 16. Bc4 d5 17. exd5 Nxd5 18. Qe2 e4 19. dxe4 Bxe4 20. O-O O-O-O 21. Rfe1 Rhe8 22. Nd2 Bg6 23. Qxe6+ fxe6 24. Nb3 e5 25.
Rad1 Nf4 26. Rxd8+ Rxd8 27. Bxf4 exf4 28. Re6 Bf7 29. Rxc6 bxc6 30. Bxf7 Rd1+ 31. Kg2 Rb1 32. Nd4 Rxb2 33.
Bb3 c5 34. Nf5 b5 35. c4 bxc4 36. Bxc4 Rb4 37. Be6+ Kb8 38. Ne7 Ra4 39. Nc6+ Kb7 40. Ne5 c6 41. Nd7 Ra5 42. Bb3 Kc7 43.
Ne5 Ra8 44. Nf7 Kb6 45. Nxh6 Kb5 46. Nf7 Kb4 47. Ne5 Kc3 48. Kf3 Re8 49. Nf7 c4 50. Bxc4 Rg8 51. Bb3 c5 52. Nd6 Rh8 53.
Ne4+ Kd4 54. Nxg5 c4 55. Bd1 c3 56. Bc2 Rb8 57. Ne6+ Ke5 58. Nc5 Rh8 59. Nd3+ Kd4 60. Nxf4 Rf8 61.
Kg3 Rb8 62. Nd3 Re8 63. g5 Re2 64. g6 Rxc2 65. g7 Kxd3 66. g8=Q Rb2 67. Qd5+ Ke2 68. Qf3+ Kd2 69. Qe3+ Kc2 70.
Qe2+ Kc1 71. Qe1+ Kc2 72. h4 Rxa2 73. Kf3 Kb2 74. Qe5 Ra3 75. Ke2 Kb1 76. Qb5+ Kc1 77. h5 c2 78. h6 Rh3 79.
Qb6 Rh1 80. Qc6 Kb1 81. Qxh1+ c1=Q 82. Qxc1+ Kxc1 83. h7 Kb1 84. h8=Q Kc2 85. Qc8+ Kb2 86. Kd2 Ka1 87. Kc2 Ka2 88.
Qa8# 1-0